 Dungeon Crawl Stone Soup version 0.31-a0-819-gf6de2f5ab6 (webtiles) character file.

Game seed: 12659349358324720192

35 qw the Shooter (level 3, -1/21 HPs)
             Began as a Gargoyle Hunter on Sept 23, 2023.
             Slain by a goblin
             ... wielding a +0 club
             ... led by Robin
              (2 damage)
             ... on level 2 of the Dungeon.
             The game lasted 00:00:20 (521 turns).

qw the Shooter (Gargoyle Hunter)                     Turns: 521, Time: 00:00:20

Health: -1/21      AC:  8    Str: 14    XL:     3   Next: 33%
Magic:  3/3        EV: 10    Int:  9    God:
Gold:   15         SH:  0    Dex: 15    Spells: 2/2 levels left

rFire   . . .        Y - +0 shortbow
rCold   . . .        (shield currently unavailable)
rNeg    + . .        d - +0 ring mail
rPois   inf          (no helmet)
rElec   +            (no cloak)
rCorr   .            (no gloves)
SInv    .            (no boots)
Will    .....        (no amulet)
Stlth   +            (no ring)
HPRegen 0.23/turn    (no ring)
MPRegen 0.08/turn

%: no passive effects
@: about to teleport
A: sickness immunity, AC +3, negative energy resistance 1, electricity
resistance, torment resistance 1, petrification resistance
a: no special abilities


You were on level 2 of the Dungeon.
You visited 1 branch of the dungeon, and saw 2 of its levels.

You collected 15 gold pieces.


Innate Abilities, Weirdness & Mutations

You are immune to sickness and miasma.
Your stone body is resilient. (AC +3)
You are immune to poison.
You resist negative energy. (rN+)
You are resistant to electric shocks. (rElec)
You are resistant to unholy torment.
You are immune to petrification.


   Skills:
 - Level 2.2 Fighting
 - Level 5.0 Ranged Weapons
 + Level 0.6 Armour
 - Level 1.5 Dodging
 - Level 1.1 Stealth


You had 2 spell levels left.
You didn't know any spells.
Your spell library was empty.

Inventory:

Hand Weapons
 Y - a +0 shortbow (weapon)
Armour
 d - a +0 ring mail (worn)
Scrolls
 a - 3 scrolls of identify

Dungeon Overview and Level Annotations

Branches:
Dungeon (2/15)

Altars:

Annotations:
D:2 Robin


Message History

The goblin hits you with a runed dagger.
You shoot an arrow. The arrow hits the hobgoblin.
The hobgoblin is heavily wounded.
The goblin hits you but does no damage. The hobgoblin barely misses you.
The goblin closely misses you. The goblin hits you but does no damage.
You shoot an arrow. The arrow closely misses the hobgoblin.
The arrow hits the goblin.
The goblin is moderately wounded.
The hobgoblin hits you but does no damage.
The goblin hits you but does no damage. x2
The goblin hits you with a +0 dagger of protection.
You shoot an arrow. The arrow barely misses the hobgoblin.
The arrow closely misses the goblin.
The arrow hits the hobgoblin.
The hobgoblin is severely wounded.
The goblin barely misses you. The goblin hits you with a +0 dagger.
The goblin barely misses you.
The goblin hits you but does no damage. x2
The goblin hits you with a +0 club. The hobgoblin closely misses you.
Robin throws the goblin at you! The goblin barely misses you.
You shoot an arrow. The arrow hits the hobgoblin.
The hobgoblin is almost dead.
A hobgoblin comes into view.
The goblin barely misses you. The goblin hits you with a +0 dagger.
The goblin closely misses you. x2; The hobgoblin barely misses you.
The goblin barely misses you.
You shoot an arrow. The arrow hits the hobgoblin.
You kill the hobgoblin!
The goblin hits you but does no damage.
The goblin hits you with a +1 dagger of electrocution.
The goblin barely misses you. The goblin misses you.
You shoot an arrow. The arrow misses the goblin.
The goblin hits you but does no damage. The goblin closely misses you.
The goblin hits you but does no damage. The goblin hits you with a +0 club.
The goblin closely misses you.
521 ||| READING scroll of teleportation.
As you read the scroll of teleportation, it crumbles to dust.
You feel strangely unstable.
The goblin no longer looks unusually strong.
The goblin hits you but does no damage. The hobgoblin hits you.
The goblin closely misses you. The goblin hits you with a +0 club.
You die...

. #########
.<..
#......g##J....
#.....g@ggg....
#.....ggg######
#..........#
#.......##.#
#........#.#
#........# #
#........#
######.#<#
#.###


You could see Robin, an endoplasm, 2 hobgoblins and 5 goblins.

Vanquished Creatures
  2 dart slugs (D:1)
  An endoplasm (D:1)
  A giant cockroach (D:1)
  3 goblins
  5 hobgoblins
  3 kobolds (D:1)
  2 quokkas (D:1)
  3 ball pythons (D:1)
  2 bats (D:1)
  3 frilled lizards (D:1)
  4 rats (D:1)
29 creatures vanquished.

Notes
Turn   | Place    | Note
-------+----------+-------------------------------------------
     0 | D:1      | qw the Gargoyle Hunter began the quest for the Orb.
     0 | D:1      | Reached XP level 1. HP: 12/12 MP: 1/1
     0 | D:1      | 0 ||| qw: Version: 0.3-a-83-gcd0e7d8
     0 | D:1      | 0 ||| qw: Game counter: 1609
     0 | D:1      | 0 ||| qw: Melee chars always use a shield: true
     0 | D:1      | 0 ||| qw: God list: Okawaru
     0 | D:1      | 0 ||| qw: Allow faded altars: false
     0 | D:1      | 0 ||| qw: Do Orc after clearing Dungeon:15 true
     0 | D:1      | 0 ||| qw: Do second Lair branch before Depths: true
     0 | D:1      | 0 ||| qw: Lair rune preference: random
     0 | D:1      | 0 ||| qw: Goals: Normal
     0 | D:1      | 0 ||| PLANNING D:1-11
   139 | D:1      | Reached XP level 2. HP: 16/17 MP: 2/2
   296 | D:1      | Reached XP level 3. HP: 21/21 MP: 3/3
   322 | D:1      | Reached skill level 5 in Ranged Weapons
   452 | D:1      | 452 ||| UPGRADING to +0 ring mail.
   462 | D:1      | 462 ||| DROPPING +0 leather armour.
   463 | D:1      | 463 ||| READING 3 scrolls labelled OSEFIA ROMIADE.
   464 | D:1      | 464 ||| READING scroll labelled DAOXEY EL TAE.
   467 | D:1      | 467 ||| DROPPING scroll of butterflies.
   510 | D:2      | Noticed Robin
   520 | D:2      | HP: 3/21 [goblin/+0 club[Robin] (4)]
   521 | D:2      | 521 ||| READING scroll of teleportation.
   521 | D:2      | HP: 1/21 [hobgoblin[Robin] (2)]
   521 | D:2      | Slain by a goblin

Levels and vault maps discovered:
D:1:      dpeg_arrival_ternary, layout_rooms, minmay_misc_feat_alley,
          minmay_indecisive_spiral
D:2:      layout_basic, uniq_robin

Skill      XL: |  1  2  3 |
---------------+----------+-----
Ranged Weapons | 5 |  5.0
Fighting       | |  2.2
Armour         | |  0.6
Dodging        | |  1.5
Stealth        | |  1.1

Action                     || total
---------------------------++-------
   Fire: Shortbow          ||    85
    Use: Scroll            ||     3
 Armour: Leather armour    ||    21
         Ring mail         ||    26
  Dodge: Dodged            ||    54

Table legend:
 A = Non-vault XP
 B = Vault XP
 C = Vault XP percentage of total XP
 D = Non-vault monster count
 E = Vault monster count
 F = Vault count percentage of total count
                 A         B        C        D         E       F
            +---------+---------+-------+---------+---------+-------
      Total |      35 |      15 |  30.0 |      21 |       8 |  27.6
            +---------+---------+-------+---------+---------+-------
        D:1 |      35 |       7 |  16.7 |      21 |       4 |  16.0
        D:2 |       0 |       8 | 100.0 |       0 |       4 | 100.0
            +---------+---------+-------+---------+---------+-------
